 Dungeon Crawl Stone Soup version 0.30.1-11-g7821555f0a (webtiles) character file.

Game seed: 1200044322240827712

30 ChrisAssaf the Gusty (level 3, -5/15 HPs)
             Began as a Felid Air Elementalist on Dec 26, 2023.
             Slain by a gnoll
             ... wielding a +0 halberd
              (14 damage)
             ... on level 2 of the Dungeon.
             The game lasted 00:03:17 (1049 turns).

ChrisAssaf the Gusty (Felid Air Elementalist)       Turns: 1049, Time: 00:03:18

Health: -5/15      AC:  1    Str:  6    XL:     3   Next: 3%
Magic:  5/7        EV: 17    Int: 16    God:
Gold:   65         SH:  0    Dex: 16    Spells: 0/6 levels left
                                        Lives:  0   Deaths: 0

rFire   . .          .
                       - Unarmed
rCold   . . .        (shield unavailable)
rNeg    . . .        (body armour unavailable)
rPois   .            (helmet unavailable)
rElec   .            (cloak unavailable)
rCorr   .            (gloves unavailable)
SInv    +            (boots unavailable)
Will    .....        (no amulet)
Stlth   ++           (no ring)
HPRegen 0.22/turn    (no ring)
MPRegen 0.10/turn

%: no passive effects
@: quick
A: very small, claws 1, fangs 3, see invisible, speed 1, shaggy fur 1, stealthy
paws, no weapons or thrown items, no armour, multi-lived
a: no special abilities


You were on level 2 of the Dungeon.
You visited 1 branch of the dungeon, and saw 2 of its levels.

You collected 65 gold pieces.

Inventory:

Scrolls
 b - a scroll of teleportation
 c - a scroll of identify {unknown}
Potions
 a - a potion of magic


   Skills:
 * Level 0.8 Fighting
 * Level 2.9 Dodging
 * Level 3.0 Stealth
 * Level 1.0 Unarmed Combat
 * Level 2.2 Spellcasting
 * Level 1.1 Conjurations
 * Level 3.0 Air Magic


You couldn't memorise any spells.
You knew the following spells:

 Your Spells              Type           Power      Damage    Failure   Level
a - Shock                 Conj/Air       32%        1d5       9%          1
b - Static Discharge      Conj/Air       16%        2-3/arc   13%         2
c - Swiftness             Air            11%        N/A       19%         3

Your spell library contained the following spells:

 Spells                   Type           Power      Damage    Failure   Level
 Airstrike                Air            5%         2d(1-17)  52%         4


Dungeon Overview and Level Annotations

Branches:
Dungeon (2/15)

Altars:


Innate Abilities, Weirdness & Mutations

You have sharp claws.
You have razor-sharp teeth.
You have supernaturally acute eyesight. (SInv)
You cover ground quickly. (Speed+)
You are covered in fur. (AC +1)
Your paws help you pounce on unaware monsters.
You are incapable of wielding weapons or throwing items.
You cannot wear armour.
You gain extra lives every three experience levels.


Message History

Your Stealth skill increases to level 3!
Your Unarmed Combat skill increases to level 1!
Your Air Magic skill increases to level 3!
You have reached level 3!
Your experience leads to an increase in your attributes!
Increase (S)trength, (I)ntelligence, or (D)exterity?
You feel stronger. x2
You start resting.
Your magical contamination has completely faded away.
You start resting.
HP restored.
This spell is astonishingly dangerous to cast!
Memorise Swiftness, consuming 3 spell levels and leaving 0?
You start memorising the spell.
You continue memorising. x3
You finish memorising.
Spell assigned to 'c'.
Found a scroll labelled UNAXEGICWA.
c - a scroll labelled UNAXEGICWA
As you read the scroll labelled HAGEUC BYUDI, it crumbles to dust.
You feel strangely unstable.
It was a scroll of teleportation.
A ball python comes into view.
The ball python hisses angrily.
Your surroundings suddenly seem different.
A goblin comes into view. It is wielding a +0 club.
The goblin shouts!
You scratch the goblin but do no damage.
You bite the goblin.
The goblin is severely wounded.
You hear a shout! x2
The goblin hits you with a +0 club.
You hear a shout!
Casting: Static Discharge (safe; 13% risk of failure)
Press: ? - help, Q - select action, (/) - cycle Dir - look around, f - activate The goblin is struck by an arc of lightning.
You kill the goblin!
You are struck by an arc of lightning.
The lightning grounds out.
You see here 16 gold pieces.
You now have 65 gold pieces (gained 16).
The gnoll hits you from afar with a +0 halberd!
Ouch! That really hurt!
You die...

.. # #.# . ... #.#.#
# #.#.# .#.##.#.## .#
.........#####.#
........@g.....###
..........).......
...#########.g.......
.......<.<...........
...####............#.
.................#...
#.
...........#.......#
#.
##.............#.#.#
#.
######........#.#.#.#


You could see 2 gnolls.

Vanquished Creatures
  A gnoll (D:2)
  A bat (D:1)
  2 endoplasms (D:1)
  2 giant cockroaches (D:1)
  2 goblins
  3 hobgoblins (D:1)
  A quokka (D:1)
  A ball python (D:1)
  A frilled lizard (D:1)
  2 kobolds (D:1)
  2 rats (D:1)
18 creatures vanquished.

Notes
Turn   | Place    | Note
-------+----------+-------------------------------------------
     0 | D:1      | ChrisAssaf the Felid Air Elementalist began the quest for
                  | the Orb.
     0 | D:1      | Reached XP level 1. HP: 7/7 MP: 4/4
   103 | D:1      | Reached skill level 1 in Conjurations
   281 | D:1      | Reached XP level 2. HP: 11/11 MP: 0/6
   340 | D:1      | Learned a level 2 spell: Static Discharge
   958 | D:2      | Reached skill level 1 in Unarmed Combat
   958 | D:2      | Reached XP level 3. HP: 2/15 MP: 0/7
  1019 | D:2      | Learned a level 3 spell: Swiftness
  1049 | D:2      | Slain by a gnoll

Illustrated notes

Levels and vault maps discovered:
D:1:      dpeg_arrival_court, layout_loops_corners
D:2:      layout_basic

Skill      XL: |  1  2 |
---------------+-------+-----
Conjurations   | 1 |  1.1
Stealth        | 3 |  3.0
Unarmed Combat | 1 |  1.0
Air Magic      | 3 |  3.0
Fighting       | |  0.8
Dodging        | |  2.9
Spellcasting   | |  2.2

Action                     || total
---------------------------++-------
  Melee: Unarmed           ||    20
         Bite              ||     2
         Punch             ||     1
   Cast: Shock             ||    10
         Static Discharge  ||     7
    Use: Scroll            ||     1
   Stab: Sleeping          ||     6
 Armour: Skin              ||     1
  Dodge: Dodged            ||    18
